 Dungeon Crawl Stone Soup version 0.30.0-29-ga12c61a403 (webtiles) character file.

Game seed: 637411841879841700

301 qw the Chopper (level 6, -4/38 HPs)
             Began as a Gargoyle Fighter on June 2, 2023.
             Killed from afar by an orc wizard (7 damage)
             ... with a puff of flame
             ... on level 4 of the Dungeon.
             The game lasted 00:01:22 (2866 turns).

qw the Chopper (Gargoyle Fighter)                   Turns: 2866, Time: 00:01:23

Health: -4/38      AC: 18    Str: 21    XL:     6   Next: 37%
Magic:  6/6        EV:  7    Int:  9    God:
Gold:   121        SH:  0    Dex:  9    Spells: 5/5 levels left

rFire   . . .        Y - +1 war axe (freeze)
rCold   . . .        c - +0 buckler
rNeg    + . .        h - +3 chain mail
rPois   inf          e - +2 hat
rElec   +            (no cloak)
rCorr   .            (no gloves)
SInv    .            (no boots)
Will    .....        (no amulet) Stlth
                     (no ring)
HPRegen 0.26/turn    (no ring)
MPRegen 0.10/turn

%: no passive effects
@: confused
A: sickness immunity, AC +4, negative energy resistance 1, electricity
resistance, torment resistance 1, petrification resistance
a: no special abilities


You were on level 4 of the Dungeon.
You visited 1 branch of the dungeon, and saw 4 of its levels.

You collected 121 gold pieces.


Innate Abilities, Weirdness & Mutations

You are immune to sickness and miasma.
Your stone body is resilient. (AC +4)
You are immune to poison.
You resist negative energy. (rN+)
You are resistant to electric shocks. (rElec)
You are resistant to unholy torment.
You are immune to petrification.


   Skills:
 - Level 4.0 Fighting
 + Level 5.6 Axes
 - Level 3.2 Armour
 - Level 3.2 Shields


You had 5 spell levels left.
You didn't know any spells.
Your spell library was empty.

Inventory:

Hand Weapons
 l - a +0 flail
 Y - a +1 war axe of freezing (weapon)
Armour
 c - a +0 buckler (worn)
 e - a +2 hat (worn)
 h - a +3 chain mail (worn)
Scrolls
 j - a scroll of identify
 k - a scroll of teleportation
Potions
 b - a potion of attraction
 d - a potion of might
 i - a potion of lignification
 m - a potion of heal wounds {unknown}
 o - 3 potions of curing {unknown}

Dungeon Overview and Level Annotations

Branches:
Dungeon (4/15)
 Temple: D:4-7

Altars:
Kikubaaqudgha

Annotations:
D:4 Eustachio


Message History

The bat hits you but does no damage. The bat barely misses you.
The orc wizard gestures at you while chanting.
The puff of flame hits you.
You closely miss the bat.
The bat is severely wounded.
You hit the orc wizard. You freeze the orc wizard. You miss Eustachio.
The bat hits you but does no damage.
Eustachio hits you with a +1 rapier of flaming.
Eustachio burns you.
The orc wizard gestures at you while chanting.
You are confused.
The bat hits you. Eustachio hits you but does no damage.
The orc wizard casts a spell.
The orc wizard flickers and vanishes!
Deactivating autopickup; reactivate with Ctrl-A.
The bat hits you but does no damage.
Eustachio casts a spell.
Eustachio blinks!
The orc wizard hits you with a +4 dagger of electrocution.
You hear some strange, mumbled words.
A puff of flame appears from out of thin air!
The puff of flame hits you. The bat closely misses you.
The orc wizard hits you with a +4 dagger of electrocution.
Something hits you but does no damage. The bat hits you but does no damage.
The bat barely misses you.
Eustachio hits you with a +1 rapier of flaming.
Eustachio burns you. The orc wizard barely misses you.
Something hits you but does no damage. The bat hits you but does no damage.
The bat hits you but does no damage.
Eustachio gestures wildly while chanting.
The orc wizard points at you and mumbles some strange words.
You resist with some effort.
You hear some strange, mumbled words.
You are more confused.
The bat misses you. Eustachio hits you but does no damage.
You hear some strange, mumbled words.
A puff of flame appears from out of thin air!
The puff of flame hits you!
You die...

....... #...... .......
#...... ....... #......
....[.. #####......
....... ########..........
.......##..........##.....
.o...........#########....
...#..##{)o...# ##...
#.###..@....## ###. .o
##...@.....# #. .
#..5b......# ##.
#..........# ######..
#.......%%.## ##....#..
#...........# #........
#...........## ##..[.....
#...........# #.........
..........## ##.........


You could see Eustachio, an orc wizard, a crimson imp (summoned) and a bat
(summoned).

Vanquished Creatures
  A hound (D:4)
  2 orc priests
  A gnoll bouda (D:3)
  Terence (D:2)
  4 gnolls (D:3)
  5 adders
  2 worms (D:3)
  2 dart slugs
  4 orcs
  4 bats
  8 endoplasms
  4 giant cockroaches
  3 goblins
  5 hobgoblins
  A quokka (D:1)
  3 ball pythons
  7 frilled lizards
  7 kobolds
  5 rats
69 creatures vanquished.

Notes
Turn   | Place    | Note
-------+----------+-------------------------------------------
     0 | D:1      | qw the Gargoyle Fighter began the quest for the Orb.
     0 | D:1      | Reached XP level 1. HP: 14/14 MP: 1/1
     0 | D:1      | 0 ||| qw: Version: 0.2-a-102-gdf20003
     0 | D:1      | 0 ||| qw: Game counter: 916
     0 | D:1      | 0 ||| qw: Always use a shield: true
     0 | D:1      | 0 ||| qw: God list: Okawaru
     0 | D:1      | 0 ||| qw: Allow faded altars: false
     0 | D:1      | 0 ||| qw: Do Orc after D:15 true
     0 | D:1      | 0 ||| qw: Do second Lair branch before Depths: true
     0 | D:1      | 0 ||| qw: Lair rune preference: random
     0 | D:1      | 0 ||| qw: Plans: Normal, Zot:1-4, Slime:5, God:TSO, Crypt,
                  | Tomb, Pan, Hells, Abyss, Win
     0 | D:1      | 0 ||| PLANNING D:1-11
    36 | D:1      | Reached skill level 2 in Axes
    69 | D:1      | Reached XP level 2. HP: 19/19 MP: 2/2
   550 | D:1      | Reached skill level 3 in Axes
   643 | D:1      | 643 ||| UPGRADING to +2 hat.
   648 | D:1      | 648 ||| UPGRADING to +3 chain mail.
   658 | D:1      | 658 ||| DROPPING +0 scale mail.
   659 | D:1      | 659 ||| READING scroll labelled NIRGHI BEFIO.
   660 | D:1      | 660 ||| READING 2 scrolls labelled EGHEUHALOTT.
   661 | D:1      | 661 ||| READING scroll labelled XEUMIA GILL.
   662 | D:1      | 662 ||| READING scroll labelled PIWEEK HAXOONT.
   666 | D:1      | 666 ||| DRINKING 2 bubbling yellow potions.
   804 | D:2      | 804 ||| Stepping ~*~*~tactically~*~*~ (stealth).
   806 | D:2      | 806 ||| Stepping ~*~*~tactically~*~*~ (stealth).
   810 | D:2      | Reached XP level 3. HP: 23/23 MP: 3/3
   820 | D:2      | Found an ancient bone altar of Kikubaaqudgha.
   844 | D:2      | 844 ||| Stepping ~*~*~tactically~*~*~ (hiding).
   845 | D:2      | 845 ||| Stepping ~*~*~tactically~*~*~ (hiding).
   846 | D:2      | 846 ||| Stepping ~*~*~tactically~*~*~ (hiding).
   852 | D:2      | 852 ||| Stepping ~*~*~tactically~*~*~ (stealth).
   853 | D:2      | 853 ||| Stepping ~*~*~tactically~*~*~ (stealth).
   861 | D:2      | 861 ||| Stepping ~*~*~tactically~*~*~ (stealth).
   863 | D:2      | 863 ||| Stepping ~*~*~tactically~*~*~ (hiding).
  1009 | D:2      | 1009 ||| Stepping ~*~*~tactically~*~*~ (stealth).
  1010 | D:2      | 1010 ||| Stepping ~*~*~tactically~*~*~ (stealth).
  1144 | D:2      | 1144 ||| Stepping ~*~*~tactically~*~*~ (stealth).
  1448 | D:2      | Noticed Terence
  1458 | D:2      | Killed Terence
  1459 | D:2      | Reached skill level 4 in Axes
  1459 | D:2      | Reached XP level 4. HP: 25/28 MP: 4/4
  1543 | D:2      | 1543 ||| READING scroll labelled VUNNEZX ATHRO.
  1544 | D:2      | 1544 ||| READING scroll labelled XUECAE FEAKO.
  1545 | D:2      | 1545 ||| READING 3 scrolls of identify.
  1545 | D:2      | 1545 ||| IDENTIFYING amethyst potion
  1546 | D:2      | 1546 ||| READING 2 scrolls of identify.
  1546 | D:2      | 1546 ||| IDENTIFYING coppery potion
  1547 | D:2      | 1547 ||| DROPPING potion of ambrosia.
  1548 | D:2      | 1548 ||| DROPPING potion of invisibility.
  1599 | D:3      | 1599 ||| Stepping ~*~*~tactically~*~*~ (hiding).
  1606 | D:3      | Reached XP level 5. HP: 31/32 MP: 5/5
  1615 | D:3      | Reached skill level 5 in Axes
  1672 | D:3      | HP: 4/32 [orc priest/divine providence (14)]
  1673 | D:3      | 1673 ||| READING scroll of teleportation.
  1822 | D:3      | 1822 ||| Stepping ~*~*~tactically~*~*~ (stealth).
  1823 | D:3      | 1823 ||| Stepping ~*~*~tactically~*~*~ (stealth).
  1880 | D:3      | 1880 ||| Stepping ~*~*~tactically~*~*~ (stealth).
  2106 | D:3      | 2106 ||| Stepping ~*~*~tactically~*~*~ (stealth).
  2121 | D:3      | 2121 ||| DROPPING +2 mace of pain.
  2168 | D:3      | 2168 ||| Stepping ~*~*~tactically~*~*~ (stealth).
  2170 | D:3      | 2170 ||| Stepping ~*~*~tactically~*~*~ (hiding).
  2456 | D:3      | Reached XP level 6. HP: 38/38 MP: 6/6
  2543 | D:3      | 2543 ||| READING scroll labelled XAPPIN MUTSI.
  2544 | D:3      | 2544 ||| READING scroll labelled FOYSOA IPILY.
  2545 | D:3      | 2545 ||| READING scroll labelled NOINAO PUCUYMN.
  2546 | D:3      | 2546 ||| READING 2 scrolls of identify.
  2546 | D:3      | 2546 ||| IDENTIFYING fizzy black potion
  2796 | D:4      | 2796 ||| Stepping ~*~*~tactically~*~*~ (stealth).
  2841 | D:4      | 2841 ||| Stepping ~*~*~tactically~*~*~ (stealth).
  2848 | D:4      | Noticed Eustachio
  2849 | D:4      | 2849 ||| Stepping ~*~*~tactically~*~*~ (hiding).
  2850 | D:4      | 2850 ||| Stepping ~*~*~tactically~*~*~ (hiding).
  2863 | D:4      | HP: 6/38 [orc wizard/+4 dagger of electrocution (6)]
  2866 | D:4      | Killed from afar by an orc wizard

Levels and vault maps discovered:
D:1:      nzn_arrival_water_spiral, layout_basic, minivault_25
D:2:      layout_loops_cross, basic_altar, kennysheep_generic_room_13,
          uniq_terence
D:3:      layout_loops_ring
D:4:      layout_cave_pods, kennysheep_mini, grunt_gozag_breadcrumbs,
          uniq_eustachio, uniq_robin

Skill      XL: |  1  2  3  4  5 |
---------------+----------------+-----
Axes           | 2 3 4 5 |  5.6
Fighting       | 4 |  4.0
Armour         | |  3.2
Shields        | |  3.2

Action                     |  1- 3 |  4- 6 || total
---------------------------+-------+-------++-------
  Melee: War axe           |    93 |    87 ||   180
    Use: Scroll            |     4 |     9 ||    13
         Potion            |     1 |       ||     1
 Armour: Scale mail        |    16 |       ||    16
         Chain mail        |    30 |    50 ||    80
  Dodge: Dodged            |    32 |    37 ||    69
  Block: Buckler           |    10 |    15 ||    25

Table legend:
 A = Non-vault XP
 B = Vault XP
 C = Vault XP percentage of total XP
 D = Non-vault monster count
 E = Vault monster count
 F = Vault count percentage of total count
                 A         B        C        D         E       F
            +---------+---------+-------+---------+---------+-------
      Total |     392 |      39 |   9.0 |      66 |       3 |   4.3
            +---------+---------+-------+---------+---------+-------
        D:1 |      33 |       0 |   0.0 |      19 |       0 |   0.0
        D:2 |      50 |      37 |  42.5 |      15 |       2 |  11.8
        D:3 |     199 |       0 |   0.0 |      25 |       0 |   0.0
        D:4 |     110 |       2 |   1.8 |       7 |       1 |  12.5
            +---------+---------+-------+---------+---------+-------
